 Dungeon Sprint DCSS version 0.22.1-2-g9c5b331 (webtiles) character file.

2707 diana the Protected (level 9, -3/66 HPs)
             Began as a Gargoyle Fighter on Dec 26, 2018.
             Was an Initiate of Gozag.
             Killed from afar by a crystal guardian (16 damage)
             ... with a crystal bolt
             ... in the Dungeon (Sprint II: "The Violet Keep of Menkaure").
             The game lasted 00:08:10 (1178 turns).

diana the Protected (Gargoyle Fighter)              Turns: 1178, Time: 00:08:10

Health: -3/66      AC: 19    Str: 25    XL:     9   Next: 66%
Magic:  9/9        EV: 19    Int: 10    God:    Gozag
Gold:   844        SH:  0    Dex: 15    Spells: 8/8 levels left

rFire    + . .     SeeInvis .   c - +0 great mace (drain)
rCold    + . .     Gourm    .   (shield currently unavailable)
rNeg     + . .     Faith    .   d - +1 chain mail "Izexul" {+Blink}
rPois    ∞         Spirit   .   (no helmet)
rElec    +         Reflect  .   (no cloak)
rCorr    +         Harm     .   (no gloves)
MR       ++...     NoTele   +   (no boots)
Stlth    ..........             (no amulet)
HPRegen  0.21/turn              e - +4 ring of strength
MPRegen  0.11/turn              (no ring)

@: agile, resistant (expiring), gold aura
A: talons 1, magic resistance 2, negative energy resistance 1, screaming 1,
electricity resistance, unbreathing, petrification resistance, rot immunity, AC
+6
a: Potion Petition, Call Merchant, Bribe Branch, Renounce Religion, Evoke Blink


You were in the Dungeon.
You worshipped Gozag.
Gozag was pleased with you.
You were very hungry.

You visited 1 branch You collected 1746 gold pieces.
You spent 902 gold pieces at shops.

Inventory:

Hand Weapons
 a - a +0 flail
 c - a +0 great mace of draining (weapon)
Armour
 b - a +0 scale mail
 d - the +1 chain mail "Izexul" (worn) {+Blink}
   (You bought it in a shop in the Dungeon)

   It lets you blink.
Jewellery
 e - a +4 ring of strength (left hand)
Scrolls
 k - a scroll of blinking
Potions
 i - 2 potions of magic
Comestibles
 f - a ration


   Skills:
 * Level 12.4 Fighting
 + Level 8.3 Maces & Flails
 * Level 12.4 Armour
 * Level 9.5 Dodging
   Level 7.6 Shields


You had 8 spell levels left.
You didn't know any spells.
Your spell library was empty.

Dungeon Overview and Level Annotations

Branches:
Dungeon (1/1)

Altars:
Cheibriados
Dithmenos
Elyvilon
Fedhas
Gozag
Hepliaklqana
Kikubaaqudgha
Makhleb
Nemelex Xobeh
Okawaru
Qazlal
Ru
Sif Muna
Trog
Uskayaw
Vehumet
Wu Jian
Xom
Yredelemnul
Zin
The Shining One
Beogh
Jiyva
Lugonu

Shops:
D :?!}(:![=*=:[%![

Annotations:
D exclusion: oklob plant


Innate Abilities, Weirdness & Mutations

You are resistant to torment.
Your stone body is resilient. (AC +6)
You are immune to poison.
You resist negative energy. (rN+)
You are resistant to electric shocks. (rElec)
You can survive without breathing.
You are immune to petrification.
You are immune to rotting.
You have sharp toenails.
You are highly resistant to hostile enchantments. (MR++)
You occasionally shout uncontrollably at your foes.


Message History

The death drake hisses angrily.
You sock the crystal guardian!
You claw the crystal guardian, but do no damage.
The crystal guardian is lightly damaged.
The crystal guardian fires a crystalline bolt at you.
The crystal bolt misses you.
You hit the crystal guardian. You claw the crystal guardian!
The crystal guardian is moderately damaged.
The crystal guardian fires a crystalline bolt at you.
The crystal bolt misses you.
You bludgeon the crystal guardian!! You claw the crystal guardian.
The crystal guardian is severely damaged.
You start to feel less resistant.
The crystal guardian fires a crystalline bolt at you.
The crystal bolt burns you! You resist.
* * * LOW HITPOINT WARNING * * *
The crystal guardian fires a crystalline bolt at you.
The crystal bolt freezes you! You resist.
You die...
Your body crumbles into a pile of gold.

$ $ $ $$ $ §.. ... + ... ##
. $ .. k# $ ##+## $ #. k#
$$ #.#.##.####$ +.##8# $
..#..# ...# #..@# $ $
#.#.####..## ##..# .# $!)
$$ ##'###.##..# $+..#
.#▓$%$)! ##.##...#..#$ #..#
.#▓)=!%?
+.<.')#.'..####..##.#▓[%)()
##.##...#....###...##▓▓▓▓▓▓
##'###.##......≈≈)≈≈≈≈≈≈≈≈≈
###.####≈§.....≈#'########+
..##.#≈§§≈≈≈≈..≈#._._._..#≈


You could see a death drake, a crystal guardian and a swamp drake.

Vanquished Creatures
  A death drake (D)
  A merfolk siren (D)
  A yaktaur (D)
  3 polar bears (D)
  A hornet (D)
  2 hippogriffs (D)
  3 neqoxecs (D)
  A crocodile (D)
13 creatures vanquished.

Vanquished Creatures (others)
  A neqoxec (D)
  Menkaure (D)
  A crocodile (D)
3 creatures vanquished.

Grand Total: 16 creatures vanquished

Notes
Turn   | Place    | Note
-------+----------+-------------------------------------------
     0 | D        | diana the Gargoyle Fighter began the quest for the Orb.
     0 | D        | Reached XP level 1. HP: 14/14 MP: 1/1
     1 | D        | Noticed a hippogriff
     1 | D        | Noticed a hippogriff
     4 | D        | Noticed a neqoxec
     7 | D        | Gained mutation: You occasionally shout uncontrollably at
                  | your foes. [a neqoxec]
    11 | D        | Noticed an iron imp
    11 | D        | Gained mutation: Armour fits poorly on your strangely
                  | shaped body. [a neqoxec]
    14 | D        | Noticed a quasit
    15 | D        | Noticed a neqoxec
    16 | D        | Killed a neqoxec
    16 | D        | Reached XP level 2. HP: 10/22 MP: 2/2
    16 | D        | Reached XP level 3. HP: 13/27 MP: 3/3
    16 | D        | Reached XP level 4. HP: 15/32 MP: 4/4
    16 | D        | Reached XP level 5. HP: 17/36 MP: 5/5
    22 | D        | Gained mutation: You are frail. (-10% HP) [a neqoxec]
    28 | D        | Lost intelligence.
    28 | D        | Killed Menkaure
    31 | D        | Killed a neqoxec
    35 | D        | Gained mutation: You have sharp toenails. [a neqoxec]
    36 | D        | Killed a neqoxec
    36 | D        | Reached skill level 5 in Dodging
    36 | D        | Reached skill level 5 in Shields
    36 | D        | Reached XP level 6. HP: 12/39 MP: 6/6
    36 | D        | Noticed a neqoxec
    39 | D        | HP: 1/39 [neqoxec (7)]
    41 | D        | Gained mutation: Your magical capacity is low. (-10% MP) [a
                  | neqoxec]
    42 | D        | Killed a neqoxec
    42 | D        | Reached skill level 5 in Maces & Flails
   120 | D        | Noticed a merfolk siren
   136 | D        | Killed a merfolk siren
   136 | D        | Reached XP level 7. HP: 29/45 MP: 6/6
   239 | D        | Noticed a tyrant leech
   239 | D        | Noticed a tyrant leech
   253 | D        | Killed a hippogriff
   253 | D        | Reached skill level 10 in Fighting
   253 | D        | Reached XP level 8. HP: 31/51 MP: 7/7
   258 | D        | Killed a hippogriff
   258 | D        | Reached skill level 10 in Armour
   400 | D        | Found Qucy's Jewellery Boutique.
   400 | D        | Found Kaygoe's Antique Armour Shop.
   400 | D        | Found Jouqudic's Jewellery Shop.
   400 | D        | Found Bistrut's Food Shop.
   400 | D        | Found Cine's Distillery.
   401 | D        | Found Etaschan's Armour Shop.
   401 | D        | Found Dueh's Antique Armour Boutique.
   401 | D        | Found Peewkar's Book Shop.
   401 | D        | Found Lomul's Book Boutique.
   401 | D        | Found Pishu's Antique Weapon Shop.
   401 | D        | Found Ereebluo's Gadget Boutique.
   402 | D        | Found Obabi's Distillery.
   402 | D        | Found Varchuda's Magic Scroll Boutique.
   403 | D        | Found Annof's Distillery.
   403 | D        | Found Nuruiw's Assorted Antiques.
   404 | D        | Noticed a death yak
   404 | D        | Noticed an oklob plant
   405 | D        | Found Nerch's Book Shoppe.
   405 | D        | Noticed a shining eye
   410 | D        | Noticed a hippogriff
   417 | D        | Bought a potion of mutation for 96 gold pieces
   417 | D        | Lost mutation: Armour fits poorly on your strangely shaped
                  | body. [potion of mutation]
   417 | D        | Lost mutation: You are frail. (-10% HP) [potion of
                  | mutation]
   417 | D        | Lost mutation: Your magical capacity is low. (-10% MP)
                  | [potion of mutation]
   417 | D        | Gained mutation: You are resistant to hostile enchantments.
                  | (MR+) [potion of mutation]
   417 | D        | Gained mutation: You are highly resistant to hostile
                  | enchantments. (MR++) [potion of mutation]
   425 | D        | Noticed a shining eye
   427 | D        | Noticed a hippogriff
   430 | D        | Noticed a shining eye
   489 | D        | Bought a bronze chain mail for 218 gold pieces
   499 | D        | Identified the +1 chain mail "Izexul" {+Blink} (You bought
                  | it in a shop in the Dungeon)
   533 | D        | Found a glowing silver altar of Zin.
   533 | D        | Found a radiant altar of Vehumet.
   534 | D        | Found a glowing golden altar of the Shining One.
   534 | D        | Found a basalt altar of Yredelemnul.
   534 | D        | Found a hide-covered altar of Uskayaw.
   535 | D        | Found a shimmering altar of Xom.
   535 | D        | Found a bloodstained altar of Trog.
   535 | D        | Found a burning altar of Makhleb.
   541 | D        | Found an ornate altar of the Wu Jian Council.
   541 | D        | Found a deep blue altar of Sif Muna.
   541 | D        | Found a corrupted altar of Lugonu.
   542 | D        | Found a sacrificial altar of Ru.
   542 | D        | Found an ancient bone altar of Kikubaaqudgha.
   542 | D        | Found a white marble altar of Elyvilon.
   846 | D        | Noticed a hippogriff
   855 | D        | Bought a runed great mace for 237 gold pieces
   870 | D        | Bought a +4 ring of strength for 351 gold pieces
  1106 | D        | Found a sparkling altar of Nemelex Xobeh.
  1108 | D        | Found a blossoming altar of Fedhas.
  1110 | D        | Found a stormy altar of Qazlal.
  1110 | D        | Found a viscous altar of Jiyva.
  1110 | D        | Found a shadowy altar of Dithmenos.
  1111 | D        | Found a hazy altar of Hepliaklqana.
  1111 | D        | Found a snail-covered altar of Cheibriados.
  1113 | D        | Found a roughly hewn altar of Beogh.
  1113 | D        | Noticed a hornet
  1113 | D        | Noticed a polar bear
  1113 | D        | Noticed a polar bear
  1114 | D        | Found an opulent altar of Gozag.
  1114 | D        | Found an iron altar of Okawaru.
  1114 | D        | Noticed a yaktaur
  1114 | D        | Noticed a polar bear
  1123 | D        | Became a worshipper of Gozag Ym Sagoz the Greedy
  1134 | D        | Killed a polar bear
  1136 | D        | Killed a polar bear
  1142 | D        | Killed a hornet
  1142 | D        | Reached XP level 9. HP: 60/64 MP: 9/9
  1146 | D        | Killed a polar bear
  1149 | D        | Killed a yaktaur
  1157 | D        | Noticed a death drake
  1158 | D        | Noticed a crystal guardian
  1159 | D        | Noticed a death drake
  1174 | D        | Killed a death drake
  1178 | D        | Killed from afar by a crystal guardian

Skill      XL: |  1  2  3  4  5  6  7  8  9 |
---------------+----------------------------+-----
Fighting       | 6 7 9 10 11 12 | 12.4
Maces & Flails | 3 4 6 7 8 |  8.3
Armour         | 6 7 9 11 12 | 12.4
Dodging        | 3 5 6 7 8 9 |  9.5
Shields        | 4 5 7 |  7.6

Action                   |  1- 3 |  4- 6 |  7- 9 || total
-------------------------+-------+-------+-------++-------
Melee: Flail             |     8 |    33 |    23 ||    64
       Kick              |       |     6 |    26 ||    32
       Great mace        |       |       |    39 ||    39
Invok: Potion Petition   |       |       |     1 ||     1
  Use: Potion            |     1 |     3 |     2 ||     6
Armor: Scale mail        |     1 |     9 |    10 ||    20
       Chain mail        |       |       |    26 ||    26
Dodge: Dodged            |     1 |    12 |    47 ||    60
Block: Shield            |     3 |     6 |    21 ||    30
